TOP OF THE 1ST |
Colorado Rockies batting - Pitching for Houston Astros : RHP Jared Kelley
|
Pitching: RHP Jared Kelley
|
|
Batting: RHB Mike Fleming
|
0-0: Foul Ball, location: 23F 0-1: Ball 1-1: Foul Ball, location: 7LSF 1-2: Ball 2-2: Fly out, F9 (Flyball, 9, EV 89.4 MPH)
|
Batting: SHB Rob Morrison
|
0-0: Called Strike 0-1: Ball 1-1: Foul Ball, location: 23F 1-2: SINGLE (Groundball, 4MD, EV 103.1 MPH)
|
Batting: RHB Jake Henneberry
|
0-0: Ball Wild Pitch! Rob Morrison to second 1-0: Ball 2-0: Fly out, F7 (Flyball, 7D, EV 86.3 MPH)
|
Batting: LHB Manny Fuentes
|
0-0: Called Strike 0-1: Ball 1-1: Ball 2-1: SINGLE (Line Drive, 4D, EV 96.3 MPH) Rob Morrison to third Runner from 3rd tries for Home, SAFE, throw by RF to home
|
Now in LF: Jorge Xerez
|
|
Now in RF: Jermaine Landy
|
|
Batting: LHB Alexis Flores
|
0-0: Foul Ball, location: 9LSF 0-1: Ball 1-1: Swinging Strike 1-2: Ball 2-2: Ball 3-2: Base on Balls Manny Fuentes to second
|
Batting: RHB Carson Williams
|
0-0: Ball 1-0: Called Strike 1-1: Ball 2-1: Ground out U3 (Groundball, 34S, EV 92.5 MPH)
|
Top of the 1st over - 1 run, 2 hits, 0 errors, 2 left on base; Colorado 1 - Houston 0 |
BOTTOM OF THE 1ST |
Houston Astros batting - Pitching for Colorado Rockies : LHP Steve Miller
|
Pitching: LHP Steve Miller
|
|
Batting: RHB Edwin Saucedo
|
0-0: Ball 1-0: Foul Ball, location: 2F 1-1: Ball 2-1: Ground out 4-3 (Groundball, 4M, EV 81.3 MPH)
|
Batting: LHB Jose Mejia
|
0-0: Foul Ball, location: 2F 0-1: Ball 1-1: Called Strike 1-2: Foul Ball, location: 2F 1-2: Ball 2-2: Ball 3-2: SINGLE (Line Drive, 4D, EV 94.4 MPH)
|
Batting: LHB Tommy Bixby
|
0-0: Called Strike 0-1: Called Strike 0-2: Foul Ball, location: 2F 0-2: Ball 1-2: Strikes out swinging
|
Batting: RHB Jorge Xerez
|
0-0: Ball 1-0: Swinging Strike 1-1: Fly out, F4 (Popup, 13S, EV 83.8 MPH)
|
Bottom of the 1st over - 0 runs, 1 hit, 0 errors, 1 left on base; Colorado 1 - Houston 0 |
TOP OF THE 2ND |
Colorado Rockies batting - Pitching for Houston Astros : RHP Jared Kelley
|
Batting: LHB Jonathan Neeley
|
0-0: Ball 1-0: Called Strike 1-1: Swinging Strike 1-2: Strikes out looking
|
Batting: RHB Christian Horne
|
0-0: Ball 1-0: Called Strike 1-1: Foul Ball, location: 25F 1-2: Ground out 5-3 (Groundball, 5, EV 85.0 MPH)
|
Batting: RHB B.J. Hurd
|
0-0: Foul Ball, location: 2F 0-1: Called Strike 0-2: Strikes out swinging
|
Top of the 2nd over - 0 runs, 0 hits, 0 errors, 0 left on base; Colorado 1 - Houston 0 |
BOTTOM OF THE 2ND |
Houston Astros batting - Pitching for Colorado Rockies : LHP Steve Miller
|
Batting: LHB Kevin Monroe
|
0-0: Ball 1-0: Ball 2-0: Called Strike 2-1: SINGLE (Line Drive, 34D, EV 98.1 MPH)
|
Batting: RHB Jermaine Landy
|
0-0: Ball 1-0: Called Strike 1-1: Ball 2-1: Ball 3-1: Foul Ball, location: 7LMF 3-2: Reached on error, E5 (Groundball, 56, EV 108.1 MPH) Kevin Monroe to second
|
Batting: LHB David Humphries
|
0-0: SINGLE (Line Drive, 89S, EV 94.4 MPH) Kevin Monroe to third Jermaine Landy to second
|
Batting: RHB Mario Ramos
|
0-0: Ball 1-0: Foul Ball, location: 2F 1-1: Ball 2-1: Ball 3-1: Base on Balls Kevin Monroe scores Jermaine Landy to third David Humphries to second
|
Batting: LHB Chad Patton
|
0-0: Fly out, F9 (Flyball, 89M, EV 90.0 MPH) Runner from 3rd tags up, SCORES, no throw by RF
|
Batting: RHB Edwin Saucedo
|
0-0: Swinging Strike 0-1: Ball 1-1: Grounds into double play, 5-4-3 (Groundball, 56S, EV 90.0 MPH)
|
Bottom of the 2nd over - 2 runs, 2 hits, 1 error, 1 left on base; Colorado 1 - Houston 2 |
TOP OF THE 3RD |
Colorado Rockies batting - Pitching for Houston Astros : RHP Jared Kelley
|
Batting: RHB Mike Fleming
|
0-0: Ball 1-0: Foul Ball, location: 2F 1-1: Called Strike 1-2: Ball 2-2: Ball 3-2: Foul Ball, location: 23FF 3-2: Foul Ball, location: 25FF 3-2: Strikes out swinging
|
Batting: SHB Rob Morrison
|
0-0: Ball 1-0: Called Strike 1-1: Ball 2-1: Ground out 4-3 (Groundball, 4, EV 82.5 MPH)
|
Batting: RHB Jake Henneberry
|
0-0: Ball 1-0: Swinging Strike 1-1: Foul Ball, location: 25F 1-2: SINGLE (Line Drive, 4D, EV 96.9 MPH)
|
Batting: LHB Manny Fuentes
|
0-0: SINGLE (Flyball, 6MD, EV 86.9 MPH) Jake Henneberry to second Runner from 2nd tries for 3rd, OUT! 8-5
|
Top of the 3rd over - 0 runs, 2 hits, 0 errors, 1 left on base; Colorado 1 - Houston 2 |
BOTTOM OF THE 3RD |
Houston Astros batting - Pitching for Colorado Rockies : LHP Steve Miller
|
Batting: LHB Jose Mejia
|
0-0: Swinging Strike 0-1: Ball 1-1: Ball 2-1: Foul Ball, location: 23FF 2-2: Strikes out swinging
|
Batting: LHB Tommy Bixby
|
0-0: Ball 1-0: Called Strike 1-1: Ball 2-1: Called Strike 2-2: Foul Ball, location: 5SF 2-2: SINGLE (Groundball, 34D, EV 97.5 MPH)
|
Batting: RHB Jorge Xerez
|
0-0: Ball 1-0: Ball 2-0: Called Strike 2-1: Swinging Strike 2-2: SINGLE (Line Drive, 7S, EV 96.9 MPH) Tommy Bixby to second
|
Batting: LHB Kevin Monroe
|
0-0: Called Strike 0-1: Foul Ball, location: 7LSF 0-2: SINGLE (Groundball, 4MD, EV 95.6 MPH) Tommy Bixby to third Jorge Xerez to second Runner from 3rd tries for Home, SAFE, throw by CF to home Jorge Xerez to third Kevin Monroe to second
|
Batting: RHB Jermaine Landy
|
0-0: Called Strike 0-1: Called Strike 0-2: Ball 1-2: SINGLE (Line Drive, 89S, EV 98.8 MPH) Jorge Xerez scores Kevin Monroe to third Runner from 3rd tries for Home, SAFE, throw by RF to home
|
Batting: LHB David Humphries
|
0-0: Ball 1-0: Called Strike 1-1: Fielders Choice at 2nd, 1-6 (Groundball, 13S, EV 66.3 MPH)
|
Batting: RHB Mario Ramos
|
0-0: Ball 1-0: Fly out, F8 (Flyball, 8RXD, EV 80.0 MPH)
|
Bottom of the 3rd over - 3 runs, 4 hits, 0 errors, 1 left on base; Colorado 1 - Houston 5 |
TOP OF THE 4TH |
Colorado Rockies batting - Pitching for Houston Astros : RHP Jared Kelley
|
Batting: LHB Alexis Flores
|
0-0: Ball 1-0: Ball 2-0: Called Strike 2-1: Foul Ball, location: 2F 2-2: Foul Ball, location: 23FF 2-2: Ball 3-2: Foul Ball, location: 7LDF 3-2: Fly out, F7 (Line Drive, 7S, EV 66.3 MPH)
|
Batting: RHB Carson Williams
|
0-0: Ball 1-0: Called Strike 1-1: Ball 2-1: Ball 3-1: Foul Ball, location: 2F 3-2: Foul Ball, location: 2F 3-2: Base on Balls
|
Batting: LHB Jonathan Neeley
|
0-0: Fielders Choice at 2nd, 4-6 (Groundball, 4, EV 91.9 MPH)
|
Batting: RHB Christian Horne
|
0-0: Called Strike 0-1: Called Strike 0-2: Ball 1-2: Foul Ball, location: 3FF 1-2: Foul Ball, location: 2F 1-2: Foul Ball, location: 9LSF 1-2: Foul Ball, location: 7LMF 1-2: Strikes out swinging
|
Top of the 4th over - 0 runs, 0 hits, 0 errors, 1 left on base; Colorado 1 - Houston 5 |
BOTTOM OF THE 4TH |
Houston Astros batting - Pitching for Colorado Rockies : LHP Steve Miller
|
Batting: LHB Chad Patton
|
0-0: Called Strike 0-1: Ball 1-1: SINGLE (Line Drive, 9S, EV 105.6 MPH)
|
Batting: RHB Edwin Saucedo
|
0-0: Called Strike 0-1: Ball 1-1: Ball Chad Patton steals 2nd base 2-1: Fly out, F6 (Popup, 4MS, EV 75.6 MPH)
|
Batting: LHB Jose Mejia
|
0-0: Called Strike 0-1: Ball 1-1: Called Strike 1-2: Ball 2-2: Foul Ball, location: 7LSF 2-2: Ball 3-2: Fly out, F8 (Line Drive, 8LD, EV 93.1 MPH)
|
Batting: LHB Tommy Bixby
|
0-0: Ball 1-0: Called Strike 1-1: Ball 2-1: Foul Ball, location: 9LSF 2-2: Strikes out swinging
|
Bottom of the 4th over - 0 runs, 1 hit, 0 errors, 1 left on base; Colorado 1 - Houston 5 |
TOP OF THE 5TH |
Colorado Rockies batting - Pitching for Houston Astros : RHP Jared Kelley
|
Batting: RHB B.J. Hurd
|
0-0: Called Strike 0-1: Ball 1-1: Ball 2-1: Fly out, F9 (Flyball, 9LM, EV 93.1 MPH)
|
Batting: RHB Mike Fleming
|
0-0: Called Strike 0-1: Ball 1-1: SINGLE (Line Drive, 7LS, EV 95.0 MPH)
|
Batting: SHB Rob Morrison
|
0-0: SINGLE (Groundball, 4MD, EV 106.9 MPH) Mike Fleming to second Runner from 2nd tries for 3rd, SAFE, throw by CF made to third
|
Batting: RHB Jake Henneberry
|
0-0: Foul Ball, location: 2F 0-1: Fly out, F8 (Flyball, 89M, EV 85.6 MPH) Runner from 3rd tags up, SCORES, no throw by CF
|
Pitching: LHP Bill Fuentes
|
|
Batting: LHB Manny Fuentes
|
0-0: Swinging Strike 0-1: Called Strike 0-2: Ball 1-2: Ball 2-2: Strikes out swinging
|
Top of the 5th over - 1 run, 2 hits, 0 errors, 1 left on base; Colorado 2 - Houston 5 |
BOTTOM OF THE 5TH |
Houston Astros batting - Pitching for Colorado Rockies : LHP Steve Miller
|
Batting: RHB Jorge Xerez
|
0-0: Ball 1-0: Fly out, F4 (Popup, 34S, EV 87.5 MPH)
|
Batting: LHB Kevin Monroe
|
0-0: Foul Ball, location: 9LMF 0-1: Ball 1-1: Ball 2-1: Called Strike 2-2: Foul Ball, location: 7LDF 2-2: Foul Ball, location: 2F 2-2: Ball 3-2: Foul Ball, location: 2F 3-2: Base on Balls
|
Batting: RHB Jermaine Landy
|
0-0: Called Strike 0-1: Ball 1-1: Swinging Strike 1-2: Foul Ball, location: 9LMF 1-2: Ball 2-2: Strikes out looking
|
Batting: LHB David Humphries
|
0-0: Called Strike 0-1: Called Strike 0-2: Strikes out swinging, 2-3 out at first.
|
Bottom of the 5th over - 0 runs, 0 hits, 0 errors, 1 left on base; Colorado 2 - Houston 5 |
TOP OF THE 6TH |
Colorado Rockies batting - Pitching for Houston Astros : LHP Bill Fuentes
|
Batting: LHB Alexis Flores
|
0-0: Ball 1-0: Foul Ball, location: 7LDF 1-1: Foul Ball, location: 7LSF 1-2: Ball 2-2: Ground out 4-3 (Groundball, 4, EV 87.5 MPH)
|
Batting: RHB Carson Williams
|
0-0: Foul Ball, location: 3FF 0-1: Called Strike 0-2: Fly out, F8 (Line Drive, 8LM, EV 94.4 MPH)
|
Batting: LHB Jonathan Neeley
|
0-0: Ball 1-0: Ground out 4-3 (Groundball, 34, EV 102.5 MPH)
|
Top of the 6th over - 0 runs, 0 hits, 0 errors, 0 left on base; Colorado 2 - Houston 5 |
BOTTOM OF THE 6TH |
Houston Astros batting - Pitching for Colorado Rockies : LHP Steve Miller
|
Pitching: RHP Jonathan Ferrante
|
|
Batting: RHB Mario Ramos
|
0-0: Ball 1-0: Foul Ball, location: 25F 1-1: Swinging Strike 1-2: Ball 2-2: Strikes out swinging
|
Batting: LHB Chad Patton
|
0-0: Ball 1-0: Called Strike 1-1: Ball 2-1: Ball 3-1: Foul Ball, location: 7LDF 3-2: Fly out, F3 (Popup, 3SF, EV 84.4 MPH)
|
Batting: RHB Edwin Saucedo
|
0-0: Foul Ball, location: 2F 0-1: Ball 1-1: Ground out 2-3 (Groundball, 15S, EV 75.6 MPH)
|
Bottom of the 6th over - 0 runs, 0 hits, 0 errors, 0 left on base; Colorado 2 - Houston 5 |
TOP OF THE 7TH |
Colorado Rockies batting - Pitching for Houston Astros : LHP Bill Fuentes
|
Batting: RHB Christian Horne
|
0-0: Ball 1-0: Called Strike 1-1: Ball 2-1: Foul Ball, location: 9LMF 2-2: Foul Ball, location: 9LDF 2-2: Fly out, F3 (Popup, 23F, EV 91.9 MPH)
|
Batting: RHB B.J. Hurd
|
0-0: Ball 1-0: Called Strike 1-1: Fly out, F8 (Flyball, 8LM, EV 90.0 MPH)
|
Batting: RHB Mike Fleming
|
0-0: Foul Ball, location: 2F 0-1: Ball 1-1: Called Strike 1-2: Ball 2-2: DOUBLE (Flyball, 89D, EV 110.6 MPH)
|
Pitching: RHP Jackson Baumeister
|
|
Batting: SHB Rob Morrison
|
0-0: Foul Ball, location: 23FF 0-1: Called Strike 0-2: Fly out, F3 (Popup, 3, EV 76.3 MPH)
|
Top of the 7th over - 0 runs, 1 hit, 0 errors, 1 left on base; Colorado 2 - Houston 5 |
BOTTOM OF THE 7TH |
Houston Astros batting - Pitching for Colorado Rockies : RHP Jonathan Ferrante
|
Batting: LHB Jose Mejia
|
0-0: Ball 1-0: Called Strike 1-1: Fly out, F9 (Flyball, 9, EV 92.5 MPH)
|
Batting: LHB Tommy Bixby
|
0-0: Called Strike 0-1: SOLO HOME RUN (Line Drive, 7D, EV 101.9 MPH), Distance : 408 ft
|
Batting: RHB Jorge Xerez
|
0-0: Ball 1-0: Called Strike 1-1: Ball 2-1: Swinging Strike 2-2: Ball 3-2: Foul Ball, location: 2F 3-2: Strikes out swinging
|
Pitching: RHP Juan Ramirez
|
|
Batting: LHB Kevin Monroe
|
0-0: Foul Ball, location: 2F 0-1: Called Strike 0-2: Ball 1-2: Strikes out swinging
|
Bottom of the 7th over - 1 run, 1 hit, 0 errors, 0 left on base; Colorado 2 - Houston 6 |
TOP OF THE 8TH |
Colorado Rockies batting - Pitching for Houston Astros : RHP Jackson Baumeister
|
Batting: RHB Jake Henneberry
|
0-0: Ball 1-0: Foul Ball, location: 25FF 1-1: SINGLE (Line Drive, 89S, EV 97.5 MPH)
|
Batting: LHB Manny Fuentes
|
0-0: Foul Ball, location: 7LDF 0-1: Foul Ball, location: 3DF 0-2: Strikes out swinging
|
Batting: LHB Alexis Flores
|
0-0: Swinging Strike 0-1: Ball 1-1: Foul Ball, location: 9LDF 1-2: Strikes out swinging
|
Batting: RHB Carson Williams
|
0-0: Called Strike 0-1: Fielders Choice at 2nd, 5-4 (Groundball, 56, EV 103.8 MPH)
|
Top of the 8th over - 0 runs, 1 hit, 0 errors, 1 left on base; Colorado 2 - Houston 6 |
BOTTOM OF THE 8TH |
Houston Astros batting - Pitching for Colorado Rockies : RHP Juan Ramirez
|
Batting: RHB Jermaine Landy
|
0-0: Ball 1-0: Ball 2-0: SOLO HOME RUN (Line Drive, 8LXD, EV 108.8 MPH), Distance : 421 ft
|
Batting: LHB David Humphries
|
0-0: Ball 1-0: SINGLE (Flyball, 78S, EV 89.4 MPH)
|
Batting: RHB Mario Ramos
|
0-0: Called Strike 0-1: Grounds into double play, 6-4-3 (Groundball, 6, EV 99.4 MPH)
|
Pitching: LHP Erik Rivera
|
|
Batting: LHB Chad Patton
|
0-0: Called Strike 0-1: Ball 1-1: Swinging Strike 1-2: Ball 2-2: Ball 3-2: Ground out 5-3 (Groundball, 56, EV 105.0 MPH)
|
Bottom of the 8th over - 1 run, 2 hits, 0 errors, 0 left on base; Colorado 2 - Houston 7 |
TOP OF THE 9TH |
Colorado Rockies batting - Pitching for Houston Astros : RHP Jackson Baumeister
|
Batting: LHB Jonathan Neeley
|
0-0: Called Strike 0-1: Ball 1-1: Ball 2-1: Ground out 6-3 (Groundball, P, EV 85.0 MPH)
|
Batting: RHB Christian Horne
|
0-0: Ground out 5-3 (Groundball, 56, EV 86.9 MPH)
|
Batting: RHB B.J. Hurd
|
0-0: Ball 1-0: Foul Ball, location: 2F 1-1: Swinging Strike 1-2: Fly out, F8 (Line Drive, 8RS, EV 93.8 MPH)
|
Top of the 9th over - 0 runs, 0 hits, 0 errors, 0 left on base; Colorado 2 - Houston 7 |
|